 Dungeon Crawl Stone Soup version 0.25-a0-283-ge7e91ba8d0 (webtiles) character file.

Game seed: 18409532355429121486, levelgen mode: deterministic

241 RedPan the Ruffian (level 5, -2/45 HPs)
             Began as a Draconian Transmuter on Dec 11, 2019.
             Succumbed to Ijyb's poison gas
             ... on level 3 of the Dungeon.
             The game lasted 00:04:41 (2662 turns).

RedPan the Ruffian (Draconian Transmuter)           Turns: 2662, Time: 00:04:41

Health: -2/45      AC:  2    Str: 13    XL:     5   Next: 80%
Magic:  5/8        EV: 19    Int: 14    God:
Gold:   105        SH:  0    Dex: 16    Spells: 2/8 levels left

rFire    . . .     SeeInvis .     - Unarmed
rCold    . . .     Gourm    .   (shield currently unavailable)
rNeg     . . .     Faith    .   (armour unavailable)
rPois    x         Spirit   .   (helmet currently unavailable)
rElec    .         Reflect  .   (cloak currently unavailable)
rCorr    .         Harm     .   (gloves currently unavailable)
MR       .....                  (boots currently unavailable)
Stlth    +.........             (no amulet)
HPRegen  0.15/turn              (no ring)
MPRegen  0.11/turn              (no ring)

@: lethally poisoned (-2 -> -28), spider-form (expiring)
A: tiny, unfitting armour, AC +5
a: End Transformation


You were on level 3 of the Dungeon.
You were not hungry.
You were a venomous arachnid creature.
You visited 1 branch of the dungeon, and saw 3 of its levels.

You collected 105 gold pieces.

Inventory:

Missiles
 a - 10 arrows
Wands
 l - a wand of random effects (15)
Scrolls
 i - a scroll of amnesia {unknown}
 j - a scroll of random uselessness {unknown}
 k - a scroll of remove curse {unknown}
Potions
 b - a potion of agility
 d - a potion of invisibility
 e - 2 potions of curing
 f - a potion of berserk rage {unknown}
 h - a potion of lignification {unknown}
Comestibles
 c - 3 rations
 g - 3 chunks of flesh


   Skills:
 - Level 3.1 Fighting
 + Level 1.9 Dodging
 + Level 4.6 Unarmed Combat
 - Level 2.0 Spellcasting
 + Level 3.3 Transmutations
 - Level 2.0 Poison Magic


You had 2 spell levels left.
You knew the following spells:

 Your Spells              Type           Power        Failure   Level  Hunger
a - Beastly Appendage     Tmut           ##....       17%         1    ##.....
b - Sticks to Snakes      Tmut           ##......     24%         2    ###....
c - Spider Form           Tmut/Pois      #.........   45%         3    ####...

Your spell library contained the following spells:

 Spells                   Type           Power        Failure   Level  Hunger
 Ice Form                 Ice/Tmut       #.......     90%         4    #####..
 Blade Hands              Tmut           ##........   95%         5    ######.


Dungeon Overview and Level Annotations

Branches:
Dungeon (3/15)

Altars:
Cheibriados

Annotations:
D:3 Ijyb


Innate Abilities, Weirdness & Mutations

((Your plain brown scales are hard. (AC +5)))
You cannot fit into any form of body armour.
((You are cold-blooded and may be slowed by cold attacks.))


Message History

Ijyb barely misses you.
Unknown command.
You hit Ijyb.
Ijyb looks as sick as possible!
Ijyb is severely wounded.
You are engulfed in poison gas.
You are more poisoned.
* * * LOW HITPOINT WARNING * * *
You feel extremely sick. Ijyb completely misses you.
You hit Ijyb but do no damage.
Ijyb looks as sick as possible!
Ijyb is severely wounded.
You are engulfed in poison gas.
You are more poisoned.
Your transformation is almost over.
* * * LOW HITPOINT WARNING * * *
You feel extremely sick.
You feel better.
You are engulfed in poison gas.
You are lethally poisoned!
* * * LOW HITPOINT WARNING * * *
You die...

#.#.#.... #.#......
#........ #........
#........
################........
+.....§§§......[........
######§################
#s# #g# .# #.# #.## ..#
... ... ...... #.#.#
#### ...... ####.#.#
...... #....#.# ......
#....#.# ......


You could see Ijyb.

Vanquished Creatures
  An ogre (D:2)
  Terence (D:2)
  An iguana (D:3)
  A worker ant (D:2)
  3 adders
  An ooze (D:2)
  4 worms
  2 dart slugs (D:2)
  A leopard gecko (D:3)
  4 orcs (D:3)
  A ball python (D:1)
  A bat (D:1)
  2 giant cockroaches (D:1)
  5 goblins
  8 hobgoblins
  4 kobolds
  A quokka (D:2)
  3 frilled lizards
  4 rats
48 creatures vanquished.

Notes
Turn   | Place    | Note
-------+----------+-------------------------------------------
     0 | D:1      | RedPan the Draconian Transmuter began the quest for the
                  | Orb.
     0 | D:1      | Reached XP level 1. HP: 16/16 MP: 3/3
   273 | D:1      | Reached XP level 2. HP: 14/24 MP: 3/5
   445 | D:1      | Learned a level 2 spell: Sticks to Snakes
   811 | D:2      | Reached XP level 3. HP: 29/30 MP: 3/6
   822 | D:2      | Found a snail-covered altar of Cheibriados.
   863 | D:2      | Learned a level 3 spell: Spider Form
   959 | D:2      | Noticed an ogre
   974 | D:2      | Killed an ogre
   974 | D:2      | Reached skill level 4 in Unarmed Combat
   974 | D:2      | Reached skill level 1 in Poison Magic
   974 | D:2      | Reached XP level 4. HP: 20/38 MP: 4/7
  1802 | D:2      | Reached XP level 5. HP: 42/45 MP: 6/8
  2093 | D:2      | Noticed Terence
  2106 | D:2      | Killed Terence
  2654 | D:3      | Noticed Ijyb
  2662 | D:3      | HP: 1/45 [Ijyb] (8)]
  2662 | D:3      | Succumbed to Ijyb's poison gas

Levels and vault maps discovered:
D:1:      matt_arrival_refuge, layout_rooms
D:2:      kennysheep_six_static_rooms, layout_basic, kennysheep_slug_shrine,
          uniq_terence
D:3:      layout_basic, minmay_misc_feat_more_columns, minivault_19, uniq_ijyb

Skill      XL: |  1  2  3  4  5 |
---------------+----------------+-----
Fighting       | 2 3 |  3.1
Unarmed Combat | 4 |  4.6
Poison Magic   | 1 2 |  2.0
Transmutations | 3 |  3.3
Dodging        | |  1.9
Spellcasting   | |  2.0

Action                   |  1- 3 |  4- 6 || total
-------------------------+-------+-------++-------
Melee: Unarmed           |    88 |    92 ||   180
       Headbutt          |     3 |     4 ||     7
       Tailslap          |     2 |     6 ||     8
       Kick              |    14 |     3 ||    17
       Punch             |       |     1 ||     1
 Cast: Beastly Appendage |    18 |    12 ||    30
       Spider Form       |     1 |     4 ||     5
       Sticks to Snakes  |       |     2 ||     2
  Use: Scroll            |     1 |     2 ||     3
       Potion            |       |     1 ||     1
  Eat: Chunk             |     1 |     6 ||     7
Armor: Skin              |    21 |    10 ||    31
Dodge: Dodged            |    57 |    39 ||    96

Table legend:
 A = Non-vault XP
 B = Vault XP
 C = Vault XP percentage of total XP
 D = Non-vault monster count
 E = Vault monster count
 F = Vault count percentage of total count
                 A         B        C        D         E       F
            +---------+---------+-------+---------+---------+-------
      Total |     278 |      67 |  19.4 |      41 |       7 |  14.6
            +---------+---------+-------+---------+---------+-------
        D:1 |      28 |       0 |   0.0 |      16 |       0 |   0.0
        D:2 |     176 |      67 |  27.6 |      12 |       7 |  36.8
        D:3 |      74 |       0 |   0.0 |      13 |       0 |   0.0
            +---------+---------+-------+---------+---------+-------
